 Dungeon Crawl Stone Soup version 0.28.0 (webtiles) character file.

Game seed: 9261818325317334183

10402 Ajdolov the Basher (level 11, -7/89 HPs)
             Began as a Gnoll Cinder Acolyte on Feb 13, 2022.
             Was a High Priest of Ignis.
             Mangled by a +4 long sword (26 damage)
             ... on level 12 of the Dungeon.
             The game lasted 00:24:13 (15570 turns).

Ajdolov the Basher (Gnoll Cinder Acolyte)          Turns: 15570, Time: 00:24:13

Health: -7/89      AC: 10    Str: 13    XL:     11   Next: 61%
Magic:  19/21      EV: 16    Int: 18    God:    Ignis [*****.]
Gold:   334        SH:  5    Dex:  8    Spells: 22/24 levels left

rFire   + . .      SeeInvis .   r - +0 trident (venom)
rCold   . . .      Faith    .   (no shield)
rNeg    . . .      Spirit   .   A - +0 acid dragon scales
rPois   .          Reflect  +   (no helmet)
rElec   .          Harm     .   t - +0 cloak
rCorr   +          Rampage  .   u - +0 pair of gloves
Will    +....                   (no boots)
Stlth   +++.......              j - amulet of reflection
HPRegen 0.24/turn               m - +4 ring of evasion
MPRegen 0.17/turn               I - ring of willpower

@: no status effects
A: fangs 1, strong nose, distributed training
a: Renounce Religion, Fiery Armour, Foxfire Swarm, Rising Flame


You were on level 12 of the Dungeon.
You worshipped Ignis.
Ignis was extremely pleased with you.
You visited 1 branch of the dungeon, and saw 14 of its levels.

You collected 599 gold pieces.
You spent 265 gold pieces at shops.

Inventory:

Hand Weapons
 r - a +0 trident of venom (weapon)
 x - a +0 demon blade
Armour
 c - a scarf of resistance
 t - a +0 cloak (worn)
 u - a +0 pair of gloves (worn)
 A - +0 acid dragon scales (worn)
 L - a +0 buckler
Jewellery
 j - an amulet of reflection (around neck)
 m - a +4 ring of evasion (left hand)
 v - an amulet of the acrobat
 H - a ring of see invisible
 I - a ring of willpower (right hand)
Wands
 C - a wand of digging (13)
 J - a wand of mindburst (3)
 N - a wand of charming (2)
Scrolls
 e - a scroll of holy word {unknown}
 h - 2 scrolls of immolation
 i - 4 scrolls of teleportation
 l - 2 scrolls of noise {unknown}
 o - 2 scrolls of identify
 p - 2 scrolls of magic mapping {unknown}
 s - a scroll of torment {unknown}
 w - 4 scrolls of blinking {unknown}
 y - 4 scrolls of fear
 z - a scroll of amnesia {unknown}
 D - 4 scrolls of vulnerability {unknown}
 F - a scroll of enchant armour {unknown}
 K - a scroll of enchant weapon
 M - a scroll of silence {unknown}
Potions
 a - a potion of berserk rage
 b - a potion of mutation {unknown}
 d - 3 potions of attraction
 f - 3 potions of brilliance
 g - 6 potions of curing
 k - a potion of cancellation
 n - 2 potions of might {unknown}
 q - 2 potions of heal wounds
 B - 2 potions of degeneration {unknown}
 E - a potion of haste {unknown}
 G - 2 potions of flight {unknown}


   Skills:
 + Level 9.3 Fighting
 + Level 6.4 Short Blades
 + Level 6.4 Long Blades
 + Level 6.4 Axes
 + Level 9.3 Maces & Flails
 + Level 6.4 Polearms
 + Level 6.4 Staves
 + Level 6.4 Slings
 + Level 6.4 Bows
 + Level 6.4 Crossbows
 + Level 6.4 Throwing
 + Level 6.4 Armour
 + Level 6.4 Dodging
 + Level 6.4 Stealth
 + Level 6.4 Shields
 + Level 6.4 Unarmed Combat
 + Level 7.1 Spellcasting
 + Level 5.3 Conjurations
 + Level 5.3 Hexes
 + Level 5.3 Summonings
 + Level 5.3 Necromancy
 + Level 5.3 Translocations
 + Level 5.3 Transmutations
 + Level 7.7 Fire Magic
 + Level 5.3 Ice Magic
 + Level 5.3 Air Magic
 + Level 5.3 Earth Magic
 + Level 5.3 Poison Magic
 + Level 7.1 Invocations
 + Level 6.4 Evocations


You had 22 spell levels left.
You knew the following spells:

 Your Spells              Type           Power      Damage    Failure   Level
a - Scorch                Fire           68%        2d8       1%          2

Your spell library contained the following spells:

 Spells                   Type           Power      Damage    Failure   Level
 Foxfire                  Conj/Fire      100%       2x1d9     1%          1
 Conjure Flame            Conj/Fire      30%        6-21      3%          3
 Inner Flame              Hex/Fire       30%        N/A       3%          3
 Flame Wave               Conj/Fire      30%        2d8       10%         4


Dungeon Overview and Level Annotations

Branches:
Dungeon (14/15)            Temple (0/1) D:6            Lair (0/6) D:10
    Orc: D:9-12      Vaults: D:13-14

Altars:
Cheibriados
Elyvilon
Fedhas
Hepliaklqana
Nemelex Xobeh
Okawaru
Qazlal
Trog
Xom
Zin
The Shining One

Shops:
D:1 =   D:5 *   D:10 !*?[(

Portals:
Trove: D:11 (give 8 scrolls of fear)

Annotations:
D:8 exclusion: door


Innate Abilities, Weirdness & Mutations

You have very sharp teeth.
Your uncanny sense of smell can sniff out nearby items.
Your experience applies equally to all skills.


Message History

Found a scroll labelled ZUOBBI SAESEA and a leather armour.
There is a stone staircase leading down here.
The orc shouts!
The +4 long sword hits you! The orc closely misses you.
The +4 long sword misses you. The +4 long sword barely misses you.
The +4 long sword barely misses you. The +4 long sword misses you.
The +4 long sword hits you! The +4 long sword hits you!
The +4 long sword hits you.
Casting: Scorch (safe; 1% risk of failure)
Press: ? - help, Q - select action, (/) - cycle Dir - look around, f - activate Flames lash the +4 long sword.
The +4 long sword resists.
The +4 long sword is lightly damaged.
The +4 long sword's fire resistance burns away.
The +4 long sword misses you.
Casting: Scorch (safe; 1% risk of failure)
Press: ? - help, Q - select action, (/) - cycle Dir - look around, f - activate Flames lash the +4 long sword.
The +4 long sword resists.
The +4 long sword is lightly damaged.
The +4 long sword hits you! The +4 long sword closely misses you.
Unknown command.
You block the +4 long sword's attack. The +4 long sword hits you!
* * * LOW HITPOINT WARNING * * *
You hear a shout!
You feel much better. The +4 long sword hits you. The +4 long sword hits you!
The +4 long sword hits you. The +4 long sword hits you!
* * * LOW HITPOINT WARNING * * *
The +4 long sword is no longer more vulnerable to fire.
You feel much better.
The +4 long sword hits you but does no damage.
The +4 long sword misses you.
The orc wizard casts a spell.
The orc wizard flickers and vanishes!
Deactivating autopickup; reactivate with Ctrl-A.
The +4 long sword hits you!
* * * LOW HITPOINT WARNING * * *
The +4 long sword hits you!!
You die...

. .## ..# #.#
#.##
##.####..#
.........#
#@.# #(.# ..
#o.# ... +..#
.... #..#
....#######o.#
.....[..o.o.##
........o####
.........#


You could see a +4 long sword, an orc wizard and 2 orcs.

Vanquished Creatures
  3 two-headed ogres
  A centaur warrior (D:8)
  2 ugly things
  A komodo dragon (D:10)
  2 trolls (D:10)
  Prince Ribbit (D:6)
  15 yaks
  2 wyverns (D:8)
  2 steam dragons (D:9)
  Edmund (D:5)
  A water moccasin (D:7)
  2 acid dragons
  An orc warrior (D:8)
  An ogre (D:6)
  A black bear (D:4)
  An ice beast (D:7)
  4 boggarts
  2 centaurs
  A bullfrog (D:6)
  2 scorpions (D:6)
  2 wyvern skeletons (D:6)
  A water moccasin zombie (D:6)
  7 killer bees
  8 wights (D:9)
  4 howler monkeys
  A bullfrog zombie (D:6)
  2 centaur zombies
  3 hounds (D:5)
  Crazy Yiuf (D:4)
  2 bullfrog skeletons
  A jelly (D:4)
  4 orc priests
  2 iguanas (D:5)
  Natasha (thrice) (D:4)
  6 orc wizards
  A killer bee zombie (D:6)
  4 howler monkey zombies
  9 adders
  A shadow imp (D:5)
  An ufetubus (D:6)
  3 worms
  2 dart slugs
  23 orcs
  7 bats
  4 endoplasms
  3 giant cockroaches
  11 goblins
  10 hobgoblins
  2 jackals (D:3)
  6 quokkas
  6 ball pythons
  2 frilled lizards
  5 kobolds
  4 rats
197 creatures vanquished.

Vanquished Creatures (others)
  A shadow (D:9)
  A centaur (D:9)
  6 plants (D:3)
8 creatures vanquished.

Grand Total: 205 creatures vanquished

Notes
Turn   | Place    | Note
-------+----------+-------------------------------------------
     0 | D:1      | Ajdolov the Gnoll Cinder Acolyte began the quest for the
                  | Orb.
     0 | D:1      | Reached XP level 1. HP: 23/23 MP: 4/4
   191 | D:1      | Reached XP level 2. HP: 25/29 MP: 5/5
   236 | D:1      | Learned a level 2 spell: Scorch
   304 | D:1      | Found Jeobish's Jewellery Boutique.
   983 | D:1      | Reached XP level 3. HP: 35/35 MP: 4/7
  1438 | D:2      | Found a sparkling altar of Nemelex Xobeh.
  1452 | D:2      | Reached skill level 1 in Invocations
  1491 | D:1      | Reached skill level 1 in Short Blades
  1491 | D:1      | Reached skill level 1 in Long Blades
  1491 | D:1      | Reached skill level 1 in Axes
  1491 | D:1      | Reached skill level 1 in Polearms
  1491 | D:1      | Reached skill level 1 in Staves
  1491 | D:1      | Reached skill level 1 in Slings
  1491 | D:1      | Reached skill level 1 in Bows
  1491 | D:1      | Reached skill level 1 in Crossbows
  1491 | D:1      | Reached skill level 1 in Throwing
  1491 | D:1      | Reached skill level 1 in Armour
  1491 | D:1      | Reached skill level 1 in Dodging
  1491 | D:1      | Reached skill level 1 in Stealth
  1491 | D:1      | Reached skill level 1 in Shields
  1491 | D:1      | Reached skill level 1 in Unarmed Combat
  1491 | D:1      | Reached skill level 1 in Evocations
  1597 | D:2      | Reached XP level 4. HP: 37/41 MP: 3/8
  2273 | D:2      | Reached skill level 1 in Conjurations
  2273 | D:2      | Reached skill level 1 in Hexes
  2273 | D:2      | Reached skill level 1 in Summonings
  2273 | D:2      | Reached skill level 1 in Necromancy
  2273 | D:2      | Reached skill level 1 in Translocations
  2273 | D:2      | Reached skill level 1 in Transmutations
  2273 | D:2      | Reached skill level 1 in Ice Magic
  2273 | D:2      | Reached skill level 1 in Air Magic
  2273 | D:2      | Reached skill level 1 in Earth Magic
  2273 | D:2      | Reached skill level 1 in Poison Magic
  2503 | D:2      | Found a faded altar of an unknown god.
  2753 | D:3      | Reached XP level 5. HP: 44/47 MP: 3/9
  3534 | D:3      | Found an iron altar of Okawaru.
  3577 | D:3      | Found a bloodstained altar of Trog.
  3628 | D:4      | Noticed Natasha
  3641 | D:4      | Killed Natasha
  3930 | D:4      | Noticed Natasha
  3936 | D:4      | Killed Natasha
  3944 | D:4      | Noticed Natasha
  3960 | D:4      | Killed Natasha
  3961 | D:4      | Reached XP level 6. HP: 39/53 MP: 2/11
  3961 | D:4      | Found a hazy altar of Hepliaklqana.
  4099 | D:4      | Found a shimmering altar of Xom.
  4389 | D:4      | Noticed a black bear
  4402 | D:4      | Killed a black bear
  4511 | D:4      | Found a runed translucent door.
  4802 | D:4      | Noticed Crazy Yiuf
  4809 | D:4      | Killed Crazy Yiuf
  5013 | D:5      | Entered Level 5 of the Dungeon
  5206 | D:5      | Found Xicoss's General Store.
  5228 | D:5      | Bought a scroll of identify for 30 gold pieces
  5269 | D:5      | Reached XP level 7. HP: 59/59 MP: 12/12
  5499 | D:5      | Noticed Edmund
  5513 | D:5      | Killed Edmund
  6191 | D:6      | Noticed Prince Ribbit
  6206 | D:6      | Killed Prince Ribbit
  6207 | D:6      | Reached XP level 8. HP: 52/67 MP: 2/14
  6597 | D:6      | Found a staircase to the Ecumenical Temple.
  7631 | D:7      | Reached XP level 9. HP: 71/72 MP: 7/16
  7705 | D:7      | Found a glowing golden altar of the Shining One.
  7705 | D:7      | Found a glowing silver altar of Zin.
  7706 | D:7      | Found a white marble altar of Elyvilon.
  7888 | D:7      | Found a stormy altar of Qazlal.
  8178 | D:7      | Reached skill level 5 in Spellcasting
  8645 | D:8      | Noticed a hornet
  8665 | D:8      | Noticed a brown ugly thing
  8698 | D:8      | Killed a brown ugly thing
  8699 | D:8      | Reached skill level 5 in Invocations
  9163 | D:8      | Noticed a centaur warrior
  9178 | D:8      | Killed a centaur warrior
  9179 | D:8      | Reached XP level 10. HP: 46/80 MP: 12/18
  9403 | D:8      | Reached skill level 5 in Short Blades
  9403 | D:8      | Reached skill level 5 in Long Blades
  9403 | D:8      | Reached skill level 5 in Axes
  9403 | D:8      | Reached skill level 5 in Polearms
  9403 | D:8      | Reached skill level 5 in Staves
  9403 | D:8      | Reached skill level 5 in Slings
  9403 | D:8      | Reached skill level 5 in Bows
  9403 | D:8      | Reached skill level 5 in Crossbows
  9403 | D:8      | Reached skill level 5 in Throwing
  9403 | D:8      | Reached skill level 5 in Armour
  9403 | D:8      | Reached skill level 5 in Dodging
  9403 | D:8      | Reached skill level 5 in Stealth
  9403 | D:8      | Reached skill level 5 in Shields
  9403 | D:8      | Reached skill level 5 in Unarmed Combat
  9403 | D:8      | Reached skill level 5 in Evocations
 10309 | D:9      | Noticed a two-headed ogre
 10325 | D:9      | Killed a two-headed ogre
 10560 | D:9      | Found a blossoming altar of Fedhas.
 11097 | D:9      | Found a snail-covered altar of Cheibriados.
 12568 | D:10     | Entered Level 10 of the Dungeon
 12590 | D:10     | Found Zirysk's General Store.
 12683 | D:10     | Found Kughyoq Mamm's Armour Shop.
 12684 | D:10     | Found Duluvekk's Magic Scroll Shop.
 12880 | D:10     | Reached XP level 11. HP: 84/87 MP: 12/20
 13000 | D:10     | Bought a scroll of identify for 28 gold pieces
 13000 | D:10     | Bought a scroll of teleportation for 42 gold pieces
 13001 | D:10     | Bought a scroll of enchant weapon for 105 gold pieces
 13038 | D:10     | Noticed a two-headed ogre
 13070 | D:10     | Killed a two-headed ogre
 13071 | D:10     | Reached skill level 5 in Conjurations
 13071 | D:10     | Reached skill level 5 in Hexes
 13071 | D:10     | Reached skill level 5 in Summonings
 13071 | D:10     | Reached skill level 5 in Necromancy
 13071 | D:10     | Reached skill level 5 in Translocations
 13071 | D:10     | Reached skill level 5 in Transmutations
 13071 | D:10     | Reached skill level 5 in Ice Magic
 13071 | D:10     | Reached skill level 5 in Air Magic
 13071 | D:10     | Reached skill level 5 in Earth Magic
 13071 | D:10     | Reached skill level 5 in Poison Magic
 13160 | D:10     | Found Jabicu's Distillery.
 13188 | D:10     | Bought a potion of curing for 30 gold pieces
 13188 | D:10     | Bought a potion of curing for 30 gold pieces
 13286 | D:10     | Found Ecky's Antique Weapon Shop.
 13484 | D:10     | Found a staircase to the Lair.
 13910 | D:11     | Found a portal to a secret trove of treasure.
 13950 | D:11     | Noticed a green ugly thing
 14028 | D:11     | Noticed a two-headed ogre
 14292 | D:10     | Killed a two-headed ogre
 14367 | D:11     | Found a gate leading to a gauntlet.
 14425 | D:11     | Killed a green ugly thing
 14953 | D:11     | Noticed a boulder beetle
 15530 | D:11     | You fall into a shaft and drop 3 floors!
 15534 | D:13     | Noticed a centaur warrior
 15536 | D:13     | Noticed a +4 long sword
 15570 | D:12     | Mangled by a +4 long sword

Illustrated notes

Levels and vault maps discovered:
D:1:      amcnicky_arrival_blooded_trapdoor, layout_basic, serial_shops, shop,
          minmay_misc_feat_x
D:2:      layout_rooms, shapermc_ecumenical_altar_hornbeckon, basic_altar,
          minmay_increasing_density
D:3:      layout_loops_ring, mainiacjoe_overflow_alcove_4,
          mainiacjoe_overflow_alcove_1
D:4:      layout_basic, nicolae_overflow_hidden_temple, due_unseen_surprise,
          uniq_natasha, uniq_crazy_yiuf_cottage
D:5:      layout_gridville, serial_shops, nicolae_diamond_shop, uniq_edmund
D:6:      layout_loops_ring, temple_green, uniq_prince_ribbit1
D:7:      layout_rooms, good_gods_mini_temple, marbit_many_paths
D:8:      layout_gridville, serial_park_tiny_pond, minmay_three_doors
D:9:      layout_loops_ring, fedhas_altar_fruit_tree,
          mainiacjoe_overflow_brackets, serial_co_window_serial,
          co_window_corner_a, co_window_paths_a, co_window_of_opportunity_a,
          co_window_corner_a, co_window_of_opportunity_a, co_window_corner_b,
          co_window_2corner, co_window_corner_b, co_window_broadway_c,
          co_window_unsneaky_path_e, co_window_of_opportunity_c,
          co_window_paths_e, co_window_paths_d, st_stairs_3
D:10:     layout_irregular_city, lair_entry_dummy, serial_shops, shop, shop,
          nicolae_shop_hallway_plus, kennysheep_mini_moat,
          nicolae_shop_advertising_works [nicolae_subvault_shop_adworks]
D:11:     layout_layer_cave, gauntlet_entry_generic, enter_trove_2
D:12:     layout_roguey, erik_orc_1, nrook_mini_vaults
D:13:     layout_roguey, erik_vaults_1, portal_ice_cave_entry_pillars_2,
          nicolae_inconvenience_store, uniq_snorg
D:14:     layout_cave_pods, minmay_misc_feat_hallway, uniq_roxanne, uniq_agnes,
          uniq_rupert

Skill      XL: |  1  2  3  4  5  6  7  8  9 10 11 |
---------------+----------------------------------+-----
Invocations    | 1 2 3 4 5 6 7 |  7.1
Short Blades   | 1 2 3 4 5 6 |  6.4
Long Blades    | 1 2 3 4 5 6 |  6.4
Axes           | 1 2 3 4 5 6 |  6.4
Polearms       | 1 2 3 4 5 6 |  6.4
Staves         | 1 2 3 4 5 6 |  6.4
Slings         | 1 2 3 4 5 6 |  6.4
Bows           | 1 2 3 4 5 6 |  6.4
Crossbows      | 1 2 3 4 5 6 |  6.4
Throwing       | 1 2 3 4 5 6 |  6.4
Armour         | 1 2 3 4 5 6 |  6.4
Dodging        | 1 2 3 4 5 6 |  6.4
Stealth        | 1 2 3 4 5 6 |  6.4
Shields        | 1 2 3 4 5 6 |  6.4
Unarmed Combat | 1 2 3 4 5 6 |  6.4
Evocations     | 1 2 3 4 5 6 |  6.4
Spellcasting   | 3 4 5 6 7 |  7.1
Conjurations   | 1 2 3 4 5 |  5.3
Hexes          | 1 2 3 4 5 |  5.3
Summonings     | 1 2 3 4 5 |  5.3
Necromancy     | 1 2 3 4 5 |  5.3
Translocations | 1 2 3 4 5 |  5.3
Transmutations | 1 2 3 4 5 |  5.3
Ice Magic      | 1 2 3 4 5 |  5.3
Air Magic      | 1 2 3 4 5 |  5.3
Earth Magic    | 1 2 3 4 5 |  5.3
Poison Magic   | 1 2 3 4 5 |  5.3
Fighting       | 7 8 9 |  9.3
Maces & Flails | 7 8 9 |  9.3
Fire Magic     | 6 7 |  7.7

Action                   |  1- 3 |  4- 6 |  7- 9 | 10-12 || total
-------------------------+-------+-------+-------+-------++-------
Melee: Mace              |    35 |    80 |       |       ||   115
       Bite              |     3 |    10 |    19 |    31 ||    63
       Punch             |     1 |     1 |    11 |    11 ||    24
       Trident           |       |    22 |   157 |   224 ||   403
       Demon blade       |       |       |     7 |     9 ||    16
 Cast: Scorch            |    27 |    52 |    81 |   129 ||   289
Evoke: Wand              |       |       |       |     3 ||     3
  Use: Scroll            |       |     6 |       |     3 ||     9
       Potion            |       |       |       |     2 ||     2
 Stab: Sleeping          |       |       |     6 |     1 ||     7
Armor: Robe              |    21 |    20 |    12 |       ||    53
       Acid dragon scale |       |       |    26 |    84 ||   110
Dodge: Dodged            |    52 |    71 |   153 |   248 ||   524
Block: Other             |       |    27 |    51 |    83 ||   161
       Reflection        |       |       |     1 |     9 ||    10
